 Dungeon Crawl Stone Soup version 0.31.0-9-g3a7656b989 (webtiles) character file.

Game seed: 7587937992084352237

89 Kass the Ruffian (level 4, -9/29 HPs)
             Began as an Octopode Shapeshifter on Jan 30, 2024.
             Was a Believer of Vehumet.
             Mangled by Crazy Yiuf
             ... wielding a +2 quarterstaff of chaos
              (16 damage)
             ... on level 3 of the Dungeon.
             The game lasted 00:04:29 (1971 turns).

Kass the Ruffian (Octopode Shapeshifter)            Turns: 1971, Time: 00:04:29

Health: -9/29      AC:  1    Str: 13    XL:     4   Next: 55%
Magic:  1/4        EV: 13    Int: 14    God:    Vehumet [**....]
Gold:   82         SH:  0    Dex: 11    Spells: 0/3 levels left

rFire   . . .        h - +0 dagger (venom)
rCold   . . .        (no shield)
rNeg    . . .        (helmet currently unavailable)
rPois   .            g - amulet of magic regeneration
rElec   .            p - ring of wizardry
rCorr   .            (no ring)
SInv    .            (no ring)
Will    .....        (no ring)
Stlth   ++           (no ring)
HPRegen 0.24/turn    (no ring)
MPRegen 0.49/turn    (no ring)
                     (no ring)

%: wizardry (x1)
@: beast-form
A: beast (slay +1), almost no armour, amphibious, 8 rings, camouflage 1,
gelatinous body 1, (nimble swimmer 1), tentacles
a: Begin Untransformation, Renounce Religion


You were on level 3 of the Dungeon.
You worshipped Vehumet.
Vehumet was pleased with you.
You were a hulking beast.
You visited 1 branch of the dungeon, and saw 3 of its levels.

You collected 82 gold pieces.

Inventory:

Hand Weapons
 h - a +0 dagger of venom (weapon)
Missiles
 k - 2 javelins (quivered)
Jewellery
 f - an amulet of reflection
 g - an amulet of magic regeneration (around mantle)
 o - an amulet of the acrobat
 p - a ring of wizardry (left tentacle)
Talismans
 b - a beast talisman
 c - a flux talisman
Scrolls
 d - 2 scrolls of identify {unknown}
 e - a scroll of vulnerability {unknown}
 l - a scroll of teleportation {unknown}
 n - a scroll of blinking {unknown}
Potions
 a - a potion of lignification
 i - a potion of cancellation {unknown}
 j - a potion of curing {unknown}
 m - a potion of heal wounds {unknown}
 q - a potion of ambrosia {unknown}
 r - a potion of mutation {unknown}


   Skills:
 + Level 2.1 Fighting
 + Level 2.8 Dodging
 + Level 3.5 Unarmed Combat
 + Level 1.0 Conjurations
 + Level 3.4 Shapeshifting


You couldn't memorise any spells.
You knew the following spells:

 Your Spells              Type           Power      Damage    Failure   Level
a - Kiss of Death         Conj/Necr      4%         2d5       10%         1
b - Searing Ray           Conj           4%         2d4       12%         2

Your spell library contained the following spells:

 Spells                   Type           Power      Damage    Failure   Level


Dungeon Overview and Level Annotations

Branches:
Dungeon (3/15)

Altars:
Vehumet

Annotations:
D:3 Crazy Yiuf


Innate Abilities, Weirdness & Mutations

You are a hulking beast.
Your limbs bulge with bestial killing power. (Slay +1)
You cannot wear most types of armour.
You are amphibious.
You can wear up to eight rings at the same time.
Your skin changes colour to match your surroundings (Stealth+).
Your rubbery body absorbs attacks. (AC +1, EV +1)
((You are camouflaged when in or above water. (Stealth+)))
You have tentacles for arms and can constrict up to eight enemies at once.


Message History

Your Conjurations skill increases to level 1!
You now have 82 gold pieces (gained 11).
Found a hammer.
Found a hammer.
Found three hammers.
Found a hammer.
Found two hammers.
Found two hammers.
Found a hammer.
You see here a +0 hammer.
Found a hammer.
You see here a +0 hammer.
You see here a +0 hammer.
You see here a +0 hammer.
You see here a +0 hammer.
Found a hammer.
Found a runed translucent door.
Crazy Yiuf shouts!
You open the door. You hit Crazy Yiuf.
Crazy Yiuf is poisoned.
Your grab misses Crazy Yiuf.
Your tentacle-slap misses Crazy Yiuf.
Crazy Yiuf is moderately wounded.
Crazy Yiuf misses you.
Casting: Kiss of Death (safe; 10% risk of failure)
Confirm with . or Enter, or press ? or * to list all spells.
Aiming: Searing Ray (safe; 12% risk of failure)
Press: ? - help, Shift-Dir - straight line, f - Crazy Yiuf
Aim: Crazy Yiuf, wielding a +2 quarterstaff of chaos and wearing a +2 cloak of stealth (moderately wounded, very poisoned, 77% to hit)
The searing ray misses Crazy Yiuf. (Press . to maintain the ray.) Crazy Yiuf hits you with a +2 quarterstaff of chaos!
Crazy Yiuf freezes you.
The searing ray hits Crazy Yiuf.
Crazy Yiuf is moderately wounded.
Crazy Yiuf hits you with a +2 quarterstaff of chaos!
* * * LOW HITPOINT WARNING * * *
You feel your power leaking away.
Without enough magic to sustain it, your searing ray dissipates.
Crazy Yiuf hits you with a +2 quarterstaff of chaos!
Ouch! That really hurt!
You die...

######## ###
###.#.)#)##
#...##..#.)).))##
#...gh####)).)..#
#)..### ##)#)).#
### ####..# #.##
#.# ##### #####.#
#.#.# #.##..#
#.#.# #....##
#.#.# #.####


You could see Crazy Yiuf (very poisoned).

Vanquished Creatures
  3 adders (D:2)
  3 ribbon worms
  A dart slug (D:2)
  5 ball pythons
  4 endoplasms
  2 giant cockroaches
  6 goblins
  3 hobgoblins
  2 jackals (D:2)
  3 kobolds
  2 quokkas
  4 bats
  5 frilled lizards
  9 rats
52 creatures vanquished.

Notes
Turn   | Place    | Note
-------+----------+-------------------------------------------
     0 | D:1      | Kass the Octopode Shapeshifter began the quest for the Orb.
     0 | D:1      | Reached XP level 1. HP: 13/13 MP: 1/1
   114 | D:1      | Reached XP level 2. HP: 8/18 MP: 2/2
   226 | D:1      | Found a faded altar of an unknown god.
   231 | D:1      | Prayed at the altar of an unknown god.
   231 | D:1      | Became a worshipper of Vehumet
   231 | D:1      | Reached * piety under Vehumet
   231 | D:1      | Offered knowledge of Kiss of Death by Vehumet.
   304 | D:1      | Learned a level 1 spell: Kiss of Death
   769 | D:2      | Reached XP level 3. HP: 18/23 MP: 3/3
   891 | D:2      | Offered knowledge of Searing Ray by Vehumet.
   893 | D:2      | Reached ** piety under Vehumet
  1301 | D:2      | Reached XP level 4. HP: 20/29 MP: 4/4
  1309 | D:2      | Learned a level 2 spell: Searing Ray
  1925 | D:3      | Reached skill level 1 in Conjurations
  1963 | D:3      | Found a runed translucent door.
  1964 | D:3      | Noticed Crazy Yiuf
  1971 | D:3      | Mangled by Crazy Yiuf

Illustrated notes

Levels and vault maps discovered:
D:1:      saegor_arrival_simple_d, layout_loops_cross,
          ebering_ecumenical_altar_hall, hex_medium
D:2:      kennysheep_six_static_rooms, layout_basic
D:3:      layout_loops_ring, amcnicky_altar_gilded,
          nicolae_overflow_crystal_walls, kennysheep_orc_chapel,
          uniq_crazy_yiuf_cottage

Skill      XL: |  1  2  3  4 |
---------------+-------------+-----
Fighting       | 2 |  2.1
Conjurations   | 1 |  1.0
Dodging        | |  2.8
Unarmed Combat | |  3.5
Shapeshifting  | |  3.4

Action                     |  1- 3 |  4- 6 || total
---------------------------+-------+-------++-------
  Melee: Unarmed           |    31 |       ||    31
         Constrict         |    17 |     7 ||    24
         Tentacles         |    12 |     5 ||    17
         Dagger            |    39 |    26 ||    65
         Punch             |     3 |     1 ||     4
   Cast: Searing Ray       |       |     1 ||     1
   Stab: Sleeping          |     5 |     1 ||     6
 Armour: Skin              |    19 |    12 ||    31
  Dodge: Dodged            |    37 |    21 ||    58
  Block: Other             |     7 |       ||     7
